 Dungeon Crawl Stone Soup version 0.21-a0-641-geef9d7f (webtiles) character file.

422 mopl the Skirmisher (level 6, -2/67 HPs)
             Began as an Ogre Wanderer on Dec 30, 2017.
             Slain by a wight
             ... wielding a +4 flail
              (10 damage)
             ... on level 5 of the Dungeon.
             The game lasted 00:06:16 (4614 turns).

mopl the Skirmisher (Ogre Wanderer)                 Turns: 4614, Time: 00:06:16

Health: -2/67      AC:  5    Str: 18    XL:     6   Next: 95%
Magic:  6/6        EV:  9    Int: 11    God:
Gold:   208        SH:  0    Dex: 11    Spells: 5/5 levels left

rFire    . . .     SeeInvis .   s - +0 mace
rCold    . . .     Gourm    .   (no shield)
rNeg     . . .     Faith    .   a - +2 robe
rPois    .         Spirit   .   (helmet restricted)
rElec    .         Reflect  .   (no cloak)
rCorr    .         Harm     .   (gloves unavailable)
MR       .....                  (boots unavailable)
Stlth    +.........             (no amulet)
HPRegen  0.21/turn              (no ring)
MPRegen  0.10/turn              (no ring)

@: drained
A: large, unfitting armour, tough skin 1
a: no special abilities


You were on level 5 of the Dungeon.
You were not hungry.

You visited 1 branch of the dungeon, and saw 5 of its levels.

You collected 208 gold pieces.

Inventory:

Hand Weapons
 s - a +0 mace (weapon)
Missiles
 l - 7 poisoned needles
 m - 5 tomahawks (quivered)
Armour
 a - a +2 robe (worn)
Wands
 n - a wand of flame (28)
Scrolls
 e - 2 scrolls of identify
 i - 3 scrolls of teleportation {unknown}
 k - 5 scrolls of remove curse
 o - a scroll of magic mapping {unknown}
 q - 2 scrolls of enchant weapon {unknown}
Potions
 d - 2 potions of agility {unknown}
 g - 4 potions of might {unknown}
 h - a potion of lignification {!q}
 j - 3 potions of curing {unknown}
 p - a potion of invisibility
 r - 3 potions of heal wounds {unknown}
Books
 b - the Grimoire of Attacks

   Spells                             Type                      Level
   a - Magic Dart                     Conjuration                  1
   b - Mephitic Cloud                 Conjuration/Poison/Air       3
 c - the Incunabulum of Ignition

   Spells                             Type                      Level
   a - Flame Tongue                   Conjuration/Fire             1
   b - Ignite Poison                  Fire/Transmutation/Poison    3
Comestibles
 f - 8 rations
 t - a chunk of flesh


   Skills:
 + Level 5.7(5.1) Fighting
 * Level 5.4(4.8) Maces & Flails
 - Level 1.0(0.4) Throwing
 - Level 1.0(0.4) Dodging
   Level 1.0(0.4) Shields
   Level 1.0(0.4) Transmutations
   Level 1.7(1.1) Fire Magic


You had 5 spell levels left.
You didn't know any spells.

Dungeon Overview and Level Annotations

Branches:
Dungeon (5/15)
 Temple: D:4-7

Altars:
Cheibriados
Makhleb
Vehumet

Annotations:
D:4 Edmund; Nattefrost's ghost, novice MfVM


Innate Abilities, Weirdness & Mutations

You are too large for most types of armour.
You have tough skin. (AC +1)


Message History

You closely miss the wight.
The wight is moderately damaged.
The wight hits you with a halberd! The wight closely misses you.
You hit the wight.
The wight is heavily damaged.
The wight completely misses you. The wight barely misses you.
You sock the wight!
You destroy the wight!
The wight hits you with an enchanted flail!
* * * LOW HITPOINT WARNING * * *
The wight hits you with an enchanted flail!
* * * LOW HITPOINT WARNING * * *
You feel drained.
* * * LOW HITPOINT WARNING * * *
Things that are here:
a halberd; a robe You hit the wight but do no damage.
The wight closely misses you.
You hit the wight but do no damage.
The wight hits you with an enchanted flail!
You die...

#...........#
..########..# ..#
#..# ..# #..#
..#### #..# ####.#
#..#
#.##############
#............z.#
#............@.#
#.############.#
#.# #..# #)# ####.#
#..# #.# .....#
#..# #.# ...#.#
#..# #.#
...#.#####..#####.#
...#.....#........#
...#....##.......##


You could see a wight.

Vanquished Creatures
  A bullfrog (D:4)
  2 wights (D:5)
  A hound (D:3)
  3 orc priests (D:5)
  Terence (D:2)
  5 adders
  A shadow imp (D:5)
  2 oozes
  2 worms (D:5)
  A dart slug (D:3)
  4 orcs (D:5)
  8 giant cockroaches
  8 goblins
  4 hobgoblins
  5 kobolds
  3 ball pythons
  5 bats
  7 frilled lizards
  A quokka skeleton (D:4)
  4 rats
68 creatures vanquished.

Notes
Turn   | Place    | Note
-------+----------+-------------------------------------------
     0 | D:1      | mopl the Ogre Wanderer began the quest for the Orb.
     0 | D:1      | mopl set off with: a +2 robe, the Grimoire of Attacks, the Incunabulum of Ignition, a +0 club, a ration
     0 | D:1      | Reached XP level 1. HP: 22/22 MP: 1/1
    55 | D:1      | Reached skill level 2 in Maces & Flails
    67 | D:1      | Reached skill level 3 in Fighting
    76 | D:1      | Reached XP level 2. HP: 17/31 MP: 2/2
   238 | D:1      | Identified the Grimoire of Attacks
   238 | D:1      | Identified the Incunabulum of Ignition
   599 | D:1      | Reached XP level 3. HP: 37/37 MP: 3/3
   982 | D:2      | Reached skill level 3 in Maces & Flails
  1166 | D:2      | Found a snail-covered altar of Cheibriados.
  1412 | D:2      | Noticed Terence
  1437 | D:2      | Killed Terence
  1437 | D:2      | Reached XP level 4. HP: 8/48 MP: 4/4
  1886 | D:2      | Reached skill level 4 in Fighting
  2755 | D:3      | Found a burning altar of Makhleb.
  2763 | D:3      | Reached skill level 4 in Maces & Flails
  2763 | D:3      | Reached XP level 5. HP: 36/55 MP: 5/5
  2962 | D:4      | Noticed Edmund
  3161 | D:4      | Found a radiant altar of Vehumet.
  3384 | D:4      | Noticed Nattefrost's ghost (novice MfVM)
  3791 | D:5      | Entered Level 5 of the Dungeon
  3860 | D:5      | Found a glowing drain.
  3990 | D:5      | Reached skill level 5 in Fighting
  3990 | D:5      | Reached XP level 6. HP: 64/66 MP: 6/6
  4017 | D:5      | Reached skill level 5 in Maces & Flails
  4614 | D:5      | Slain by a wight

Vault maps used:
D:1:      ncdulo_halloftheorcs, minmay_bisected
D:2:      lemuel_doored_altar, uniq_terence
D:3:      mumra_celtic_spiral_tile, serial_glass, glass_columns_a,
          glass_columns_a, makhleb_heckhound_becter
D:4:      nicolae_overflow_crystal_walls, first_ration, grunt_ministairs_13,
          uniq_edmund
D:5:      grunt_temple_overflow_order_and_chaos_2, kennysheep_little_box,
          serial_co_window_serial, co_window_paths_a, co_window_corner_a,
          co_window_paths_a, co_window_of_opportunity_a, co_window_corner_a,
          co_window_of_opportunity_a, co_window_unsneaky_path_d,
          co_window_cross_2, co_window_corner_b, co_window_4corner_a,
          glass_columns_a, glass_columns_a, cheibrodos_sewer_entry_bend

Skill      XL: |  1  2  3  4  5  6 |
---------------+-------------------+-----
Maces & Flails | 2 3 4 5 |  5.4
Fighting       | 3 4 5 |  5.7
Throwing       | |  1.0
Dodging        | |  1.0
Shields        | |  1.0
Transmutations | |  1.0
Fire Magic     | |  1.7

Action                   |  1- 3 |  4- 6 || total
-------------------------+-------+-------++-------
Melee: Club              |   166 |    91 ||   257
       Mace              |       |   103 ||   103
Throw: Tomahawk          |     3 |       ||     3
Evoke: Wand              |       |     1 ||     1
  Use: Scroll            |       |     4 ||     4
 Stab: Sleeping          |     1 |       ||     1
  Eat: Chunk             |     2 |     7 ||     9
       Ration            |       |     1 ||     1
Armor: Robe              |    75 |    64 ||   139
Dodge: Dodged            |   102 |    97 ||   199

Table legend:
 A = Spawn XP
 B = Non-spawn XP
 C = Spawn XP percentage of total XP
 D = Spawn monster count
 E = Non-spawn monster count
 F = Spawn count percentage of total count
 G = Total turns spent on level
                    A         B        C        D         E        F      G
               +---------+---------+-------+---------+---------+-------+---------
         Total |       0 |     604 |   0.0 |       0 |      68 |   0.0 |  4614
               +---------+---------+-------+---------+---------+-------+---------
           D:1 |       0 |      36 |   0.0 |       0 |      24 |   0.0 |   752
           D:2 |       0 |      74 |   0.0 |       0 |      15 |   0.0 |  1253
           D:3 |       0 |      73 |   0.0 |       0 |      11 |   0.0 |  1265
           D:4 |       0 |     118 |   0.0 |       0 |       4 |   0.0 |   539
           D:5 |       0 |     303 |   0.0 |       0 |      14 |   0.0 |   805
               +---------+---------+-------+---------+---------+-------+---------
